Map: Whitewater Line LE

Players

CrypticZeus

  • Race: Protoss Protoss
  • Spawn Location: 7:00

DaisyMay

  • Race: Terran Terran
  • Spawn Location: 7:00

carlfernz

  • Race: Terran Terran
  • Spawn Location: 6:00

Blahsmack - Winner!

  • Race: Zerg Zerg
  • Spawn Location: 1:00

Smileblind - Winner!

  • Race: Protoss Protoss
  • Spawn Location: 12:00

timider - Winner!

  • Race: Zerg Zerg
  • Spawn Location: 1:00

VOD

Have the link to the VOD?

Description

Time

  • Played on: Jan. 23, 2019, 3:22 a.m.
  • Length: 14:31
Show
View Real Time Build Order
Export as new Build Order

CrypticZeus Protoss 

Build Orders:  

Get SALT Encoding   

  12  0:02  Probe  
  13  0:19  Pylon  
  13  0:23  Assimilator  
  13  0:25  Probe  
  14  0:40  Gateway  
  14  0:53  Gateway  
  14  0:56  Probe  
  15  1:11  Pylon  
  15  1:15  Probe  
  16  1:18  Zealot  
  16  1:32  Zealot  
  18  1:33  Cybernetics Core  
  18  1:44  Probe  
  18  1:47  Zealot  
  23  1:58  Zealot  
  25  2:08  Zealot  
  27  2:17  Twilight Council  
  27  2:20  Warp Gate  
  27  2:29  Stalker  
  29  2:36  Zealot  
  31  2:57  Charge  
  31  3:01  Pylon  
  31  3:19  Probe  
  32  3:31  Probe  
  33  3:41  Gateway  
  33  3:43  Probe  
  34  3:52  Assimilator  
  34  3:55  Probe  
  35  4:06  Nexus  
  35  4:16  Stalker x2  
  37  4:50  Stalker  
  25  5:01  Pylon  
  10  5:15  Probe  
  11  5:24  Probe  
  12  5:33  Stalker, Probe  
  14  5:36  Stalker  
  17  5:45  Probe  
  18  5:55  Probe  
  19  5:57  Probe  
  20  6:10  Probe  
  13  7:16  Probe  
  14  7:28  Probe  
Show
View Real Time Build Order
Export as new Build Order

DaisyMay Terran 

Build Orders: Reaper Expand 

Get SALT Encoding   

  12  0:02  SCV  
  13  0:14  SCV  
  14  0:26  SCV, Supply Depot  
  15  0:37  Refinery  
  15  0:47  SCV  
  16  0:53  Refinery  
  16  1:02  Barracks  
  16  1:21  Barracks  
  16  1:23  SCV  
  17  1:36  SCV  
  18  1:40  Supply Depot  
  18  1:49  Marine  
  19  2:07  Marine  
  20  2:12  Marine  
  20  2:13  Engineering Bay  
  21  2:25  Marine  
  21  2:29  SCV  
  23  2:30  Marine  
  24  2:43  Marine  
  25  2:48  Marine  
  26  3:00  Marine  
  26  3:02  Planetary Fortress  
  27  3:06  Marine  
  28  3:21  Barracks Reactor  
  28  3:25  Barracks Reactor  
  28  3:30  Barracks  
  28  3:45  Missile Turret  
  19  4:34  Reaper x3  
  22  4:40  Barracks  
  22  4:50  Reaper x2  
  24  5:06  Reaper x3  
  27  5:22  Reaper x2  
  29  5:48  Barracks Reactor x2  
  28  5:50  Reaper x2  
  28  5:54  Reaper x2  
  25  6:26  Reaper, Marine  
  23  6:39  Missile Turret  
  23  6:41  Missile Turret  
  23  6:49  Factory  
  21  6:55  Missile Turret  
  21  6:57  Missile Turret  
  19  7:15  Command Center  
  19  7:16  Missile Turret  
  19  7:28  Hi-Sec Auto Tracking  
  19  7:36  Factory Reactor  
  19  7:39  SCV  
  20  7:52  SCV  
  21  8:04  SCV  
  22  8:16  SCV, Widow Mine x2  
  27  8:22  Supply Depot  
  27  8:29  Missile Turret  
  27  8:30  Missile Turret  
  27  8:35  Missile Turret  
  27  8:37  Widow Mine x2  
  27  8:41  Planetary Fortress  
  31  8:59  Widow Mine  
  33  9:09  Missile Turret  
  33  9:11  Missile Turret  
  33  9:14  Missile Turret  
  33  9:15  Widow Mine  
  35  9:20  Widow Mine  
  34  9:36  Widow Mine  
  9  10:11  Missile Turret  
  6  10:15  SCV  
  6  10:16  Missile Turret  
  7  10:27  SCV  
  8  10:39  SCV  
  7  10:57  SCV  
  6  11:09  SCV  
  7  11:21  SCV  
  8  11:33  SCV  
  9  11:45  SCV  
  10  11:57  SCV  
  11  12:01  Missile Turret  
  10  12:09  SCV  
  11  12:21  SCV  
  12  12:27  Factory Reactor  
  12  12:33  Missile Turret  
  9  13:05  Widow Mine  
  11  13:09  Widow Mine  
Show
View Real Time Build Order
Export as new Build Order

carlfernz Terran 

Build Orders:  

Get SALT Encoding   

  12  0:36  SCV  
  13  0:45  Supply Depot  
  13  0:48  SCV  
  13  0:49  Refinery  
  14  1:00  SCV  
  15  1:12  SCV  
  16  1:20  Barracks  
  16  1:21  Barracks x2  
  16  1:33  Supply Depot  
  16  1:41  SCV  
  17  1:53  SCV  
  18  1:54  Barracks  
  18  2:05  SCV  
  19  2:29  Marine x3  
  22  2:41  Orbital Command  
  22  2:46  Refinery  
  22  2:47  Marine  
  23  2:57  Supply Depot  
  23  3:15  Marine x3  
  23  3:17  Marine  
  27  3:33  Marine x3  
  30  3:35  Marine  
  31  3:51  Marine x3  
  31  3:53  Marine  
  35  4:08  Marine x3  
  38  4:10  Marine  
  39  4:22  Supply Depot  
  39  4:30  Engineering Bay  
  39  4:43  Marine x4  
  36  5:01  Marine x2  
  12  5:55  Command Center  
  12  6:15  Marine  
  12  6:16  Marine x3  
  16  6:33  Marine x2  
  16  6:34  Marine  
  19  7:22  SCV  
Show
View Real Time Build Order
Export as new Build Order

Blahsmack Zerg - Winner!

Build Orders: Pool Only 

Get SALT Encoding   

  12  0:20  Spawning Pool  
  11  0:31  Drone x3  
  14  0:47  Overlord  
  14  0:55  Extractor  
  13  0:58  Extractor  
  13  0:59  Drone  
  13  1:10  Drone  
  14  1:17  Drone  
  15  1:22  Queen  
  15  1:25  Drone  
  18  1:35  Drone  
  19  1:44  Metabolic Boost  
  19  1:50  Drone  
  20  1:57  Drone  
  21  2:08  Drone  
  22  2:18  Lair  
  22  2:23  Overlord  
  22  2:35  Overlord  
  22  2:39  Overlord  
  22  2:48  Drone x2  
  22  2:50  Drone  
  25  3:03  Drone  
  26  3:19  Nydus Network, Zergling x2  
  26  3:25  Zergling x2  
  26  3:26  Zergling x6  
  30  3:32  Pneumatized Carapace  
  30  3:39  Drone  
  32  3:48  Zergling x2  
  32  3:57  Infestation Pit  
  32  3:58  Zergling x6  
  34  4:03  Nydus Canal  
  34  4:06  Zergling x2  
  35  4:14  Zergling x2  
  35  4:15  Burrow  
  36  4:31  Nydus Canal  
  34  4:46  Zergling x6  
  34  4:51  Drone  
  34  4:52  Drone x3  
  30  5:13  Zergling x4  
  30  5:25  Drone  
  30  5:26  Queen  
  22  5:45  Drone x2  
  19  6:03  Zergling x2  
  19  6:06  Zergling x2  
  17  6:19  Drone  
  18  6:37  Drone  
  18  6:39  Drone  
  20  6:52  Drone  
  21  6:56  Hive  
  21  7:07  Zergling x4  
  21  7:08  Zergling x4  
  24  7:15  Nydus Canal  
  24  7:18  Zergling x2  
  25  7:27  Drone  
  26  7:34  Zergling x6  
  29  7:43  Nydus Canal  
  28  7:50  Zergling x4  
  28  8:08  Zergling x8  
  32  8:14  Nydus Canal  
  32  8:16  Queen  
  34  8:22  Drone  
  25  8:59  Zergling x2  
  25  9:00  Zergling x4  
  25  9:01  Queen  
  29  9:37  Queen  
  29  9:43  Nydus Canal  
  29  9:45  Zergling x6  
  32  10:13  Queen  
  34  10:19  Drone x3  
  37  10:30  Drone  
  37  10:56  Zergling x4  
  37  10:57  Zergling x4  
  39  11:01  Zergling x2  
  40  11:15  Zergling x2  
  41  12:03  Nydus Canal  
  41  12:12  Zergling x8  
  45  12:15  Adrenal Glands  
  45  12:17  Overlord  
  45  12:18  Overlord  
  45  12:35  Queen  
  47  13:11  Queen  
  49  13:46  Queen  
Show
View Real Time Build Order
Export as new Build Order

Smileblind Protoss - Winner!

Build Orders:  

Get SALT Encoding   

  12  0:03  Probe  
  13  0:20  Pylon  
  13  0:23  Probe  
  14  0:31  Probe  
  15  0:39  Probe  
  15  0:49  Probe  
  17  0:57  Gateway  
  17  1:00  Pylon  
  17  1:01  Probe  
  18  1:10  Forge  
  18  1:13  Probe  
  19  1:22  Assimilator  
  19  1:25  Probe  
  19  1:27  Assimilator  
  20  1:37  Zealot  
  20  1:38  Probe  
  21  1:42  Pylon  
  23  1:50  Probe  
  24  1:58  Photon Cannon  
  24  2:09  Cybernetics Core  
  24  2:10  Zealot  
  26  2:18  Probe  
  27  2:26  Pylon  
  27  2:38  Photon Cannon  
  27  2:40  Stalker  
  27  2:42  Photon Cannon  
  29  3:09  Sentry  
  31  3:13  Photon Cannon  
  31  3:16  Shield Battery  
  31  3:22  Shield Battery  
  31  3:28  Stargate  
  31  3:38  Pylon  
  31  3:40  Sentry  
  33  4:06  Stalker  
  35  4:14  Nexus  
  29  4:39  Stalker  
  25  4:54  Void Ray  
  25  4:58  Warp Gate  
  29  5:00  Stalker  
  29  5:07  Gateway  
  31  5:29  Stalker  
  31  5:32  Probe  
  34  5:44  Probe  
  35  5:59  Stalker  
  37  6:29  Stalker  
  40  6:47  Probe  
  40  6:50  Stalker  
  40  6:53  Void Ray  
  46  6:59  Stalker, Probe  
  49  7:11  Probe  
  50  7:19  Probe  
  50  7:27  Probe  
  50  7:29  Stalker  
  53  7:30  Fleet Beacon  
  53  7:31  Twilight Council  
  53  7:35  Stargate, Void Ray  
  58  7:37  Assimilator, Probe  
  58  7:41  Assimilator  
  59  7:49  Probe  
  60  7:59  Zealot  
  60  8:03  Charge  
  62  8:06  Probe  
  63  8:14  Probe  
  63  8:19  Stalker  
  66  8:22  Void Ray  
  70  9:32  Void Ray  
  70  9:33  Probe, Zealot  
  63  9:43  Mothership  
  63  9:45  Probe  
  60  9:55  Void Ray  
  60  9:57  Probe  
  59  10:15  Void Ray  
  63  10:27  Zealot  
  63  10:28  Stalker  
  67  10:49  Pylon x2  
  67  10:52  Pylon  
  67  11:02  Void Ray  
  67  11:07  Void Ray  
  67  11:39  Zealot x2  
  71  11:44  Void Ray  
  75  11:50  Void Ray  
  79  12:27  Void Ray  
  83  12:33  Void Ray  
  69  13:10  Void Ray  
  73  13:15  Void Ray  
Show
View Real Time Build Order
Export as new Build Order

timider Zerg - Winner!

Build Orders: Pool First 

Get SALT Encoding   

  12  0:02  Drone  
  13  0:12  Drone  
  14  0:19  Overlord  
  14  0:41  Drone x2  
  16  0:44  Drone  
  16  0:49  Spawning Pool  
  16  1:00  Extractor, Drone  
  16  1:06  Drone  
  18  1:18  Drone  
  18  1:27  Drone  
  19  1:39  Roach Warren  
  18  1:41  Drone  
  19  1:59  Hatchery  
  18  2:02  Drone x2  
  18  2:07  Queen  
  22  2:11  Overlord  
  22  2:30  Extractor  
  22  2:31  Drone x2  
  22  2:35  Metabolic Boost  
  23  2:53  Roach x2  
  27  3:07  Roach  
  27  3:09  Lair  
  29  3:17  Drone  
  29  3:18  Evolution Chamber  
  29  3:26  Drone x2  
  31  3:31  Overlord  
  31  3:47  Roach  
  31  3:48  Roach  
  35  3:54  Roach  
  35  3:55  Roach  
  33  4:29  Roach x2  
  33  4:30  Roach  
  33  4:34  Roach x2  
  33  4:38  Overlord x3  
  33  5:19  Roach  
  33  5:20  Roach x2  
  41  5:28  Ravager x3  
  41  5:29  Ravager x2  
  44  5:36  Roach x2  
  48  5:54  Roach  
  48  5:55  Roach x2  
  54  6:56  Roach x3  
  54  6:58  Overlord x3  
  60  7:05  Overlord x2  
  60  7:24  Roach x2  
  60  7:28  Drone x3  
  51  8:30  Roach  
  51  8:31  Roach x2  
  57  8:47  Drone x2  
  57  8:48  Drone  
  57  9:41  Ravager  
  57  9:42  Ravager x7  
  45  10:43  Roach x3  
  45  10:46  Roach x3  
  45  10:48  Queen  
  59  10:53  Queen  
  63  10:57  Roach  
  63  11:24  Drone x2  
  65  11:29  Queen  
  65  11:32  Roach  
  71  11:40  Roach  
  71  11:49  Roach  
  71  11:50  Roach x2  
  77  11:55  Zerg Melee Weapons Level 1  
  77  11:56  Glial Reconstitution  
  77  12:05  Pneumatized Carapace  
  77  12:12  Roach  
  77  12:13  Roach  
  81  12:17  Roach x3  
  87  12:26  Overlord  
  87  13:36  Roach x3  
  87  13:37  Roach  
  99  13:41  Roach x3  
  99  13:42  Roach  
  103  13:55  Roach x2  
  107  13:58  Overlord x2  
Tags
 
Add a new tag
Caveats
  • Supply blocks, unpowered buildings, or Contaminate may cause inaccurate times.
  • Supply counts are checked every 10 seconds.